AoeStats
← beneath mariana

Four Lakes

503250770Analyzed
4v4 RM · 1mo ago on Aug 30, 2026· 60m 46s· 8 players
Game mode
Random Map
Map size
Large (8 player)
Population
200
Speed
Normal
Resources
Standard
Victory
Conquest
Starting age
Dark Age
Ending age
Imperial Age
RankedLock teamsTeams togetherTeam positionsShared explorationLock speedFull tech treeHidden civsTurbo modeCheats
Victory
Defeat
🇹🇷 Saracens · Türkiye
1461
+12
🇨🇳 Georgians · China
1424
+14
🇵🇱 Wu · Poland
1409
+15
🇦🇷 Malay · Argentina
1377
+16
🇨🇴 Franks · Colombia
1596
-24
🇲🇽 Vikings · Mexico
1441
-17
🇪🇨 Persians · Ecuador
1349
-13
🇨🇴 Japanese · Colombia
1139
-5
Kubiasty
10:08 Feudal Age
8:24 Loom
10:51 Double-Bit Axe
14:32 Castle Age
13:45 Gold Mining
14:04 Scale Mail Armor
15:26 Squires
20:08 Arson
24:21 Horse Collar
24:53 Bow Saw
34:49 Chain Mail Armor
38:28 Wheelbarrow
39:00 Forging
39:52 Town Watch
40:53 Heavy Plow
42:10 Fletching
43:04 Bodkin Arrow
44:28 Padded Archer Armor
45:04 Ballistics
47:10 Gold Shaft Mining
50:44 Imperial Age
50:04 Leather Archer Armor
51:36 Hand Cart
51:04 Elite Fire Archer
51:52 Bracer
52:16 Conscription
53:09 Chemistry
56:58 Two-Man Saw
56:00 Town Patrol
56:13 Masonry
55:43 Treadmill Crane
55:54 Heated Shot
56:00 Murder Holes
55:55 Guard Tower
56:11 Siphons
56:17 Clinker Construction
56:08 Sitting Tiger
56:09 Red Cliffs Tactics
55:32 Spies/Treason
55:40 Pikeman
55:42 Man-at-Arms
56:24 Caravan
56:55 Coinage
56:36 Guilds
57:04 Iron Casting
56:59 Plate Mail Armor
56:34 Scale Barding Armor
56:47 Stone Mining
BEACH FOSSILS
8:13 Loom
10:29 Feudal Age
10:57 Double-Bit Axe
14:24 Fletching
16:59 Padded Archer Armor
22:18 Castle Age
21:17 Crossbowman
21:53 Bodkin Arrow
21:26 Crossbowman
25:17 Fishing Lines
26:11 Leather Archer Armor
25:58 Gold Mining
27:40 Bow Saw
28:33 Ballistics
29:18 Town Watch
34:03 Thumb Ring
35:47 Wheelbarrow
38:14 Imperial Age
37:40 Horse Collar
39:06 Arbalester
40:43 Bracer
45:36 Hand Cart
46:48 Conscription
50:04 Heated Shot
51:29 Guard Tower
52:43 Chemistry
51:25 Treadmill Crane
53:19 Keep
53:43 Siphons
53:52 Careening
53:46 Thalassocracy
53:14 Demolition Ship
54:10 Medium Warships
53:39 Spies/Treason
54:22 Demolition Ship
55:29 Heavy Warships
imenek
7:57 Loom
10:06 Feudal Age
11:34 Double-Bit Axe
21:34 Castle Age
19:56 Bloodlines
20:33 Scale Barding Armor
20:39 Forging
21:25 Gold Mining
21:44 Light Cavalry
22:37 Husbandry
23:12 Chain Barding Armor
28:06 Iron Casting
35:03 Wheelbarrow
36:07 Horse Collar
36:37 Bow Saw
36:14 Town Watch
37:39 Hand Cart
40:57 Heavy Plow
44:30 Imperial Age
43:39 Fletching
44:26 Stone Mining
45:12 Gold Shaft Mining
44:34 Heavy Camel Rider
45:50 Plate Barding Armor
45:23 Caravan
46:26 Blast Furnace
48:01 Two-Man Saw
48:19 Two-Man Saw
47:20 Hussar
48:47 Bodkin Arrow
48:52 Padded Archer Armor
51:54 Medium Warships
53:25 Ballistics
54:05 Chemistry
52:58 Guard Tower
52:54 Arrowslits
54:09 Chemistry
53:29 Ballistics
53:12 Bracer
53:27 Leather Archer Armor
54:10 Heavy Warships
57:06 Capped Ram
59:36 Spies/Treason
beneath mariana
5:02 Loom
10:50 Feudal Age
11:22 Double-Bit Axe
11:18 Horse Collar
12:03 Town Watch
12:58 Wheelbarrow
21:01 Gold Mining
23:50 Castle Age
23:13 Bloodlines
24:08 Scale Barding Armor
27:03 Forging
27:25 Husbandry
31:19 Iron Casting
31:07 Town Watch
34:13 Hand Cart
34:55 Bow Saw
36:32 Chain Barding Armor
39:31 Fletching
39:54 Heavy Plow
40:40 Light Cavalry
42:08 Bodkin Arrow
46:55 Imperial Age
45:34 Scale Mail Armor
48:13 Plate Barding Armor
48:38 Blast Furnace
47:00 Hussar
47:50 Capped Ram
49:15 Bracer
49:26 Town Patrol
49:52 Block Printing
49:32 Stone Mining
50:03 Masonry
49:49 Murder Holes
50:56 Chemistry
49:59 Squires
49:20 Man-at-Arms
49:46 Arson
50:02 Padded Archer Armor
50:35 Siege Ram
51:19 Guard Tower
51:15 Arrowslits
51:53 Ballistics
52:45 Leather Archer Armor
52:45 Chain Mail Armor
53:43 Redemption
55:17 Plate Mail Armor
54:09 Long Swordsman
56:06 Keep
55:42 Fortified Wall
56:02 Architecture
55:42 Fortified Wall
56:03 Architecture
56:01 Medium Warships
56:23 Guilds
57:40 Conscription
57:28 Aznauri Cavalry
60:21 Elite Monaspa
61:06 Svan Towers
BP | ham.io
4:27 Loom
9:14 Feudal Age
19:30 Fletching
20:21 Padded Archer Armor
20:48 Horse Collar
21:40 Double-Bit Axe
27:36 Castle Age
28:13 Bodkin Arrow
27:39 Crossbowman
28:58 Bow Saw
29:13 Leather Archer Armor
30:04 Ballistics
30:31 Gold Mining
36:14 Heavy Plow
38:20 Pikeman
Jarcor
6:45 Loom
11:25 Feudal Age
21:47 Castle Age
29:41 Fletching
31:34 Squires
31:20 Gambesons
34:34 Forging
34:25 Scale Mail Armor
37:18 Iron Casting
36:59 Chain Mail Armor
37:06 Arson
jmolinao
6:04 Loom
9:17 Feudal Age
9:47 Double-Bit Axe
10:55 Town Watch
15:54 Forging
15:50 Scale Barding Armor
17:32 Gold Mining
17:41 Fishing Lines
20:36 Castle Age
20:00 Wheelbarrow
21:40 Chain Barding Armor
20:41 Light Cavalry
24:45 Husbandry
27:39 Gold Shaft Mining
28:57 Iron Casting
30:23 Fletching
40:42 Bow Saw
41:39 Squires
41:25 Arson
41:39 Stone Mining
MANITAS DE TEMU
5:59 Loom
8:32 Feudal Age
9:53 Double-Bit Axe
14:05 Horse Collar
21:14 Castle Age
20:13 Bloodlines
20:13 Scale Barding Armor
21:15 Forging
22:32 Chain Barding Armor
25:05 Husbandry
25:42 Town Watch
28:32 Iron Casting
38:27 Fletching
45:25 Imperial Age
45:57 Pikeman
46:37 Squires
46:23 Arson
46:49 Bodkin Arrow
Connection lost

Rejoining the realm…

Still unreachable

The connection could not be restored.

Session expired

The server has moved on; the page needs a fresh start.